 Dungeon Crawl Stone Soup version 0.15-a0-179-gb770d62 (webtiles) character file.

193652 PolkaDot the Imperceptible (level 17, -1/120 HPs)
             Began as a Vampire Enchanter on Apr 19, 2014.
             Was the Champion of Ashenzari.
             Slain by a greater naga
             ... wielding a +0,+3 flail
              (12 damage)
             ... on Level 3 of the Snake Pit.
             The game lasted 04:20:21 (34432 turns).

PolkaDot the Imperceptible (Vampire Enchanter)     Turns: 34432, Time: 04:20:22

HP  -1/120       AC 21     Str  8      XL: 17   Next: 60%
MP  18/31        EV 25     Int 19      God: Ashenzari [******]
Gold 1427        SH 15     Dex 24      Spells: 11 memorised,  1 level left

rFire  + + .     SeeInvis +     r - +3,+5 arc blade {discharge, rElec}
rCold  + + +     Clarity  +     l - +4 troll leather armour {rC+} (curse)
rNeg   + + +     Conserve .     y - +0 buckler (curse)
rPois  +         rCorr    .     c - +1 helmet "Jomuem" {rF+ rN+}
rElec  +         rRot     +     i - +1 cloak (curse)
SustAb . .       Spirit   .     h - +2 pair of gloves {rC+} (curse)
rMut   +         Warding  .     g - +2 pair of boots {rC+} (curse)
Saprov . . .     Stasis   .     P - cursed amulet of resist mutation
MR     +....                    f - cursed ring "Poggem" {rF+ Dex+2 Int+2}
                                s - cursed +4 ring of dexterity

@: regenerating slowly, lethally poisoned, somewhat resistant to hostile
enchantments, uncannily stealthy
A: bottle blood, fangs 3, see invisible, unbreathing
a: Bat Form, Bottle Blood, Scrying, Transfer Knowledge, Renounce Religion
}: 1/15 runes: barnacled


You were on level 3 of the Snake Pit.
You worshipped Ashenzari.
Ashenzari was exalted by your worship.
You were thirsty.

You visited 6 branches of the dungeon, and saw 36 of its levels.
You also visited: Labyrinth and Ice Cave.

You collected 4204 gold pieces.
You spent 2777 gold pieces at shops.

Inventory:

Hand weapons
 r - the cursed +3,+5 arc blade (weapon) {discharge, rElec}
   (You took it off a merfolk impaler on level 5 of the Shoals)

   It insulates you from electricity.
   It has a curse placed upon it.
Armour
 c - the cursed +1 helmet "Jomuem" (worn) {rF+ rN+}
   (You found it on level 5 of the Dungeon)

   It protects you from fire.
   It protects you from negative energy.
   It has a curse placed upon it.
 g - a cursed +2 pair of boots of cold resistance (worn)
 h - a cursed +2 pair of gloves of cold resistance (worn)
 i - a cursed +1 cloak (worn)
 l - a cursed +4 troll leather armour of cold resistance (worn)
 y - a cursed +0 buckler (worn)
Magical devices
 a - a wand of flame (9) {unknown}
 e - a wand of paralysis (20)
 I - a wand of teleportation (4)
 J - a wand of digging (1)
Scrolls
 b - a scroll of recharging
 d - a scroll of vulnerability
 j - a scroll of teleportation
 k - 2 scrolls of remove curse
 m - 2 scrolls of fog
 n - 3 scrolls of identify
 o - a scroll of enchant weapon III
Jewellery
 f - the cursed ring "Poggem" (right hand) {rF+ Dex+2 Int+2}
   (You bought it in a shop on level 4 of the Orcish Mines)

   [ring of protection from fire]

   It affects your intelligence (+2).
   It affects your dexterity (+2).
   It protects you from fire.
   It has a curse placed upon it.
 s - a cursed +4 ring of dexterity (left hand)
 P - a cursed amulet of resist mutation (around neck)
Potions
 t - a potion of agility
 u - 11 potions of curing
 v - 2 potions of brilliance
 D - 2 potions of flight
 F - a potion of magic
 K - 2 potions of restore abilities
Books
 z - a book of Wizardry

   Spells                             Type                      Level
   Summon Elemental                   Summoning                    4
   Agony                              Necromancy                   5
   Force Lance                        Conjuration                  5
   Haste                              Charms                       6
   *Invisibility                      Hexes                        6
   Spellforged Servitor               Conjuration/Summoning        7


   Skills:
 * Level 7.2 Fighting
 - Level 5.5(10.0) Short Blades
 - Level 0.7 Throwing
 - Level 9.0 Armour
 - Level 9.2(13.5) Dodging
 - Level 22.2(25.6) Stealth
 - Level 5.5(8.6) Shields
 - Level 7.3 Spellcasting
 + Level 21.8(25.2) Hexes
 + Level 12.2(16.3) Charms
 - Level 8.4(12.8) Evocations


You had one spell level left.
You knew the following spells:

 Your Spells              Type           Power        Failure   Level  Hunger
a - Corona                Hex            #######      0%          1    None
b - Sure Blade            Hex/Chrm       ######....   0%          2    None
c - Confuse               Hex            #######.     0%          3    ##.....
d - Ensorcelled Hibernat  Hex/Ice        ######       1%          2    None
e - Enslavement           Hex            #######.     0%          4    ###....
i - Invisibility          Hex            #######.     1%          6    ######.
q - Blink                 Tloc           N/A          12%         2    None
s - Dazzling Spray        Conj/Hex       ######..     1%          3    ##.....
z - Fire Brand            Chrm/Fire      #####.....   1%          2    None
A - Apportation           Tloc           #.........   10%         1    None
F - Flight                Chrm/Air       #####.....   1%          3    ##.....


Dungeon Overview and Level Annotations

Branches:
Dungeon (15/15)            Temple (1/1) D:4             Orc (4/4) D:11
    Elf (0/3) Orc:3          Lair (8/8) D:8          Shoals (5/5) Lair:3
  Snake (3/5) Lair:4        Slime (0/6) Lair:7       Vaults (0/5) D:13
 Depths (0/5) D:15

Altars:
Ashenzari
Cheibriados
Dithmenos
Elyvilon
Fedhas
Kikubaaqudgha
Makhleb
Nemelex Xobeh
Okawaru
Sif Muna
Trog
Vehumet
Xom
Yredelemnul
Zin
The Shining One
Beogh

Shops:
D:6 *   D:8 %   D:10 :=}*}   D:13 :*   Orc:4 [?==   Snake:1 ?

Annotations:
D:12 Hidden areas need dig or passwall
D:13 exclusion: vault guard
D:14 1 exclusion
Snake:2 exclusion: Roxanne, Roxanne


Innate Abilities, Weirdness & Mutations

You heal slowly.
You can bottle blood from corpses.
You have razor-sharp teeth.*
You have supernaturally acute eyesight.
You can survive without breathing.*


Message History

Aim: a greater naga, wielding a flail and wearing a robe (moderately wounded, constricting you, moving very quickly)
The spray of energy hits the greater naga.
The greater naga is moderately wounded.
The greater naga hits you with a flail!
* * * LOW HITPOINT WARNING * * *
x2 The greater naga constricts you.
The greater naga completely misses you. The greater naga constricts you.
Drink which item? (? for menu, Esc to quit)
Okay, then.
If it's blood you're after, try e.
Casting: Dazzling Spray
Confirm with . or Enter, or press ? or * to list all spells.
Your attempt to break free from the greater naga fails, but you feel that another attempt might succeed.
You feel sick. The greater naga closely misses you.
The greater naga constricts you.
Casting: Blink
Confirm with . or Enter, or press ? or * to list all spells.
You escape the greater naga's grasp.
You blink.
You feel sick. The greater naga hits you with a flail!
You die...

* * * ** , , ,,,
, *##### , ,,
#...###########
,**
*#..<.%§N@.....#
*
*#...###.$.###.#
,,,,
.............# ,
*,*#####.####...#
* #. ##### ** ***
**,* #. ,, , *,*
#. * ** * ,, ,,
,, * #.* , ,,, ,
,,,,,, , , *.** *
** ,,,,,*


You could see a greater naga.

Vanquished Creatures
  Nikola (Shoals:5)
  Polyphemus (Shoals:5)
  Agnes (Shoals:2)
  Frances (D:14)
  Kirke (Snake:2)
  Ilsuiw (Shoals:5)
  Louise (Shoals:1)
  Jorgrun (Shoals:5)
  10 merfolk javelineers
  Snorg (Lair:4)
  9 merfolk impalers
  A fire dragon (Lair:8)
  A minotaur (Lab)
  3 sirens
  A great orb of eyes (D:14)
  Harold (D:13)
  A naga warrior (Snake:2)
  16 hydras
  3 anacondas
  4 ogre magi (Orc:4)
  Erica (Lair:6)
  8 merfolk aquamancers
  7 death yaks
  An alligator snapping turtle (Shoals:5)
  A vampire mage (D:15)
  3 naga sharpshooters
  2 shock serpents (Snake:2)
  3 centaur warriors
  A catoblepas (Shoals:5)
  2 skeletal warriors (D:15)
  4 unseen horrors
  14 sea snakes
  Erolcha (D:13)
  7 hill giants
  A flayed ghost (D:14)
  6 water nymphs
  A necromancer (D:15)
  2 mana vipers
  Pikel (D:6)
  A lindwurm (Lair:8)
  2 orc knights
  13 harpies
  12 cyclopes
  4 salamanders
  13 manticores
  7 griffons
  A phantasmal warrior (D:15)
  A salamander (shapeshifter) (D:14)
  8 mermaids
  13 elephants
  5 fauns (Shoals:3)
  10 black mambas
  A dire elephant zombie (D:15)
  Maurice (D:11)
  3 gargoyles (D:14)
  4 kobold demonologists
  A guardian serpent (Snake:2)
  11 spiny frogs
  A feature mimic (D:15)
  A fire drake (shapeshifter) (D:14)
  5 trolls
  3 fire drakes
  An emperor scorpion skeleton (D:15)
  3 naga magi (Snake:2)
  15 two-headed ogres (Orc:4)
  Grinder (D:4)
  2 giant leeches (Lair:8)
  A troll (shapeshifter) (D:14)
  4 giant fireflies (Lair:8)
  5 wind drakes
  24 merfolk
  A polar bear (Lair:8)
  9 blue devils (IceCv)
  18 blink frogs
  A raven (Lair:8)
  6 komodo dragons
  A boulder beetle (Lair:8)
  An ettin zombie (D:15)
  12 snapping turtles
  2 basilisks
  A boggart (shapeshifter) (D:13)
  3 hungry ghosts
  A spriggan (D:8)
  An ettin skeleton (D:15)
  4 wyverns
  2 deep elf magi (D:13)
  An ugly thing (D:11)
  14 sharks
  A shadow (D:15)
  42 yaks
  4 elephant slugs
  7 water elementals
  2 steam dragons (D:10)
  A hill giant skeleton (D:9)
  A tarantella (shapeshifter) (D:14)
  14 wolves
  A deep elf fighter (D:15)
  9 nagas
  5 vampire mosquitoes
  Menkaure (D:7)
  10 hippogriffs
  15 water moccasins
  A necrophage (D:13)
  8 porcupines
  The ghost of bart the Ruffian, an average VSSu (D:5)
  13 ice beasts
  6 giant goldfish
  16 orc warriors
  5 sky beasts
  A yellow wasp (D:9)
  30 ogres
  16 crocodiles
  11 centaurs
  2 boring beetles
  14 giant slugs
  2 big kobolds
  7 brain worms
  14 giant frogs
  A gnoll sergeant (D:9)
  A komodo dragon zombie (D:12)
  An insubstantial wisp (Lair:7)
  A wyvern zombie (D:8)
  14 killer bees
  A scorpion (D:5)
  An eye of draining (D:14)
  4 electric eels
  4 wights (D:14)
  2 troll skeletons
  2 giant frog zombies
  A quasit (D:11)
  A basilisk zombie (D:9)
  5 goliath beetles
  2 jellies
  A yellow wasp zombie (D:12)
  9 crimson imps
  Crazy Yiuf (D:2)
  6 iguanas
  8 hounds
  24 orc priests
  A giant frog skeleton (D:11)
  A basilisk skeleton (D:11)
  31 orc wizards
  3 big fish (Lair:4)
  13 worker ants
  A sky beast zombie (D:15)
  36 sheep
  Ijyb (D:2)
  A crocodile zombie (D:9)
  A mottled dragon skeleton (D:12)
  A big kobold skeleton (D:9)
  A mummy (D:12)
  23 adders
  6 gnolls
  55 green rats
  7 white imps (IceCv)
  3 giant mites
  A shadow imp (D:8)
  21 worms
  4 ufetubi (IceCv)
  2 giant eyeballs
  11 giant geckos
  132 orcs
  22 bats
  A bat zombie (D:5)
  6 giant cockroaches
  18 hobgoblins
  21 kobolds
  8 quokkas
  A ball python (D:1)
  A giant gecko skeleton (D:8)
  A giant gecko zombie (D:7)
  4 giant newts
  A giant spore (D:11)
  A gnoll skeleton (D:4)
  20 goblins
  19 jackals
  A jackal skeleton (D:5)
  A kobold skeleton (D:5)
  An orc skeleton (D:4)
  An orc zombie (D:15)
  18 rats
  A rat zombie (D:7)
  7 ballistomycetes
  A fungus (D:2)
  3 plants
1244 creatures vanquished.

Vanquished Creatures (collateral kills)
  Rupert (Shoals:5)
  A naga sharpshooter (Snake:2)
  A boggart (D:14)
3 creatures vanquished.

Vanquished Creatures (others)
  An alligator snapping turtle (Shoals:5)
  A water nymph (Shoals:5)
  25 drowned souls (Shoals:5)
  A freezing wraith (D:14)
  A human (Snake:2)
  2 nagas
  2 slaves (D:6)
  Sigmund (D:4)
  A scorpion (D:4)
  A worker ant (D:6)
  3 orc wizards (D:6)
  A white imp (IceCv)
  5 ufetubi (IceCv)
  A giant eyeball (D:6)
  3 orcs
  A giant spore (D:12)
  3 fungi
  2 plants
55 creatures vanquished.

Grand Total: 1302 creatures vanquished

Notes
Turn   | Place    | Note
--------------------------------------------------------------
     0 | D:1      | PolkaDot, the Vampire Enchanter, began the quest for the Orb.
     0 | D:1      | Reached XP level 1. HP: 13/13 MP: 3/3
   110 | D:1      | Reached XP level 2. HP: 17/19 MP: 4/4
   127 | D:1      | Reached skill level 5 in Hexes
   320 | D:1      | Learned a level 2 spell: Ensorcelled Hibernation
   422 | D:1      | Found a shimmering altar of Xom.
   422 | D:1      | Found a shimmering altar of Xom.
   423 | D:1      | Found a shimmering altar of Xom.
   423 | D:1      | Found a shimmering altar of Xom.
   462 | D:1      | Reached XP level 3. HP: 13/24 MP: 6/6
   594 | D:1      | Learned a level 3 spell: Confuse
   933 | D:2      | Noticed Ijyb
   992 | D:2      | Killed Ijyb
   992 | D:2      | Reached skill level 6 in Hexes
  1097 | D:2      | Reached XP level 4. HP: 30/30 MP: 0/8
  1205 | D:2      | Found a glowing silver altar of Zin.
  1205 | D:2      | Found a basalt altar of Yredelemnul.
  1965 | D:2      | Learned a level 2 spell: Sure Blade
  2134 | D:2      | Noticed Crazy Yiuf
  2140 | D:2      | Killed Crazy Yiuf
  2140 | D:2      | Reached skill level 7 in Hexes
  2271 | D:3      | Reached XP level 5. HP: 35/35 MP: 6/9
  2948 | D:3      | Noticed an orc warrior
  2970 | D:3      | Killed an orc warrior
  2970 | D:3      | Reached XP level 6. HP: 28/41 MP: 5/13
  3198 | D:4      | Killed Sigmund
  3218 | D:4      | Reached skill level 8 in Hexes
  3225 | D:4      | Learned a level 4 spell: Enslavement
  3290 | D:4      | Found a staircase to the Ecumenical Temple.
  3300 | Temple   | Entered the Ecumenical Temple
  3370 | Temple   | Became a worshipper of Ashenzari the Shackled
  3641 | D:4      | Noticed Grinder
  3660 | D:4      | Killed Grinder
  3660 | D:4      | Reached XP level 7. HP: 31/46 MP: 12/18
  3696 | D:4      | Learned a level 3 spell: Dazzling Spray
  4075 | D:5      | Entered Level 5 of the Dungeon
  4292 | D:5      | Noticed bart's ghost (average VSSu)
  4328 | D:5      | Killed bart's ghost
  4328 | D:5      | Reached skill level 5 in Stealth
  4338 | D:5      | Reached skill level 9 in Hexes
  4718 | D:5      | Got the uncursed helmet "Jomuem" {rF+ rN+}
  4721 | D:5      | Identified the +1 helmet "Jomuem" {rF+ rN+} (You found it on level 5 of the Dungeon)
  4941 | D:6      | Reached XP level 8. HP: 52/52 MP: 19/19
  4962 | D:6      | Noticed Pikel
  4984 | D:6      | Killed Pikel
  4984 | D:6      | Reached skill level 5 in Short Blades
  4984 | D:6      | Reached skill level 10 in Hexes
  5340 | D:6      | Found Komn's Assorted Antiques.
  5346 | D:6      | Bought a scratched emerald ring for 125 gold pieces
  5346 | D:6      | Bought a scroll labeled QUYLUJ MOODDIV for 25 gold pieces
  5462 | D:6      | Reached skill level 1 in Evocations
  5659 | D:6      | Reached XP level 9. HP: 29/57 MP: 15/20
  5833 | D:6      | Reached skill level 10 in Stealth
  6389 | D:7      | Reached skill level 11 in Hexes
  6564 | D:7      | Noticed Menkaure
  6571 | D:7      | Killed Menkaure
  6746 | D:7      | Found a deep blue altar of Sif Muna.
  7012 | D:8      | Found a staircase to the Lair.
  7012 | D:8      | Noticed an elephant
  7051 | D:8      | Acquired Ashenzari's first power
  7270 | D:8      | Reached skill level 5 in Evocations
  7332 | D:8      | Found Ebrus' Food Shop.
  7435 | D:8      | Paralysed by a giant eyeball for 4 turns
  7441 | D:8      | Paralysed by a giant eyeball for 2 turns
  7492 | D:8      | Killed an elephant
  7492 | D:8      | Reached skill level 12 in Hexes
  7492 | D:8      | Reached XP level 10. HP: 63/63 MP: 21/21
  7605 | D:9      | Found a shadowy altar of Dithmenos.
  8177 | D:10     | Entered Level 10 of the Dungeon
  8234 | D:10     | Identified the Guide on Augmentations and Earth
  8238 | D:10     | Identified the cursed +1,+0 cutlass "Freid" {slice, Dex+3}
  8256 | D:10     | Noticed a hill giant
  8266 | D:10     | Killed a hill giant
  8270 | D:10     | Found Schakag's Assorted Antiques.
  8275 | D:10     | Found Pettuf's Gadget Boutique.
  8276 | D:10     | Bought a transparent leather armour for 224 gold pieces
  8277 | D:10     | Identified the cursed -2 leather armour of Disguise {Dex+2} (You bought it in a shop on level 10 of the Dungeon)
  8300 | D:10     | Found Stazoz's Gadget Boutique.
  8388 | D:10     | Found Mnemoaka's Book Shoppe.
  8476 | D:10     | Acquired Ashenzari's second power
  8486 | D:10     | Found a shattered altar of Ashenzari.
  8496 | D:10     | Found Giykitte's Jewellery Boutique.
  8859 | D:10     | Reached skill level 13 in Hexes
  8967 | D:11     | Found a labyrinth entrance.
  8993 | Lab      | Entered a labyrinth
  9168 | Lab      | Noticed a minotaur
  9169 | Lab      | Identified the +2,+10 halberd "Phex" {venom, rC+}
  9181 | Lab      | Killed a minotaur
  9181 | Lab      | Identified a +3 rod of ignition (9/9) (You took it off a minotaur in a labyrinth)
  9412 | Lair:1   | Entered Level 1 of the Lair of Beasts
  9412 | Lair:1   | Noticed a six-headed hydra
  9417 | Lair:1   | Killed a six-headed hydra
  9417 | Lair:1   | Reached XP level 11. HP: 21/68 MP: 20/22
  9427 | Lair:1   | Identified the +7,+8 hand axe "Iru Foti" {chop, rF+}
  9448 | Lair:1   | Found a frozen archway.
  9552 | IceCv    | Entered an ice cave
  9907 | IceCv    | Noticed an ice statue
  9907 | IceCv    | Noticed an ice statue
 10288 | IceCv    | Acquired Ashenzari's third power
 10290 | IceCv    | Noticed an ice devil
 10311 | IceCv    | Identified the +6,+7 mace of the Revolution {crush, Str+4}
 10706 | D:8      | Identified the +1 ring mail "Plog" {Int+1 Acc+5}
 10968 | Lair:1   | Reached skill level 14 in Stealth
 10979 | Lair:1   | Reached skill level 5 in Shields
 11797 | Lair:2   | Reached skill level 1 in Armour
 12098 | Lair:2   | Noticed a four-headed hydra
 12108 | Lair:2   | Killed a four-headed hydra
 12447 | Lair:2   | Learned a level 2 spell: Fire Brand
 12450 | Lair:2   | Learned a level 2 spell: Stoneskin
 12454 | Lair:2   | Learned a level 2 spell: Freezing Aura
 12725 | Lair:3   | Reached XP level 12. HP: 74/74 MP: 21/23
 12829 | Lair:3   | Reached skill level 15 in Stealth
 12930 | Lair:3   | Found a staircase to the Shoals.
 13591 | Lair:4   | Reached skill level 15 in Hexes
 13716 | Lair:4   | Acquired Ashenzari's fourth power
 13798 | Lair:4   | Found a staircase to the Snake Pit.
 13957 | Lair:4   | Noticed an eight-headed hydra
 13965 | Lair:4   | Killed an eight-headed hydra
 13965 | Lair:4   | Reached skill level 5 in Armour
 14022 | Lair:4   | Noticed Snorg
 14250 | Lair:4   | Killed Snorg
 14983 | Lair:4   | Noticed a six-headed hydra
 15140 | Lair:4   | Killed a seven-headed hydra
 15140 | Lair:4   | Reached skill level 16 in Stealth
 15247 | Lair:5   | Noticed a five-headed hydra
 15250 | Lair:5   | Killed a six-headed hydra
 15538 | Lair:5   | Noticed an eight-headed hydra
 15545 | Lair:5   | Killed a nine-headed hydra
 15904 | Lair:5   | Noticed a four-headed hydra
 15917 | Lair:5   | Killed a five-headed hydra
 15917 | Lair:5   | Reached XP level 13. HP: 79/79 MP: 23/25
 16032 | Lair:5   | Identified the +8,+6 hand axe "Xouhutec" {freeze, -Tele +Rage rElec rN+}
 16046 | Lair:5   | Noticed a seven-headed hydra
 16221 | Lair:5   | Killed an eight-headed hydra
 16773 | Lair:6   | Noticed Erica
 16786 | Lair:6   | Killed Erica
 17270 | Lair:6   | Reached skill level 17 in Stealth
 18235 | Lair:7   | Identified the +9,+8 lajatang "Chacwuxo" {holy, rF+ Str+2 Stlth}
 18410 | Lair:7   | Found a staircase to the Slime Pits.
 18656 | Lair:8   | Entered Level 8 of the Lair of Beasts
 18880 | Lair:8   | Reached skill level 5 in Dodging
 18898 | Lair:8   | Reached skill level 18 in Stealth
 18903 | Lair:8   | Reached XP level 14. HP: 85/85 MP: 14/25
 20343 | Lair:8   | Identified the +1 leather armour "Josuoth" {+Fly} (You found it on level 3 of the Lair of Beasts)
 20557 | Lair:1   | Identified a scroll of acquirement
 20665 | D:6      | Bought a metal-bound book for 375 gold pieces
 20665 | D:6      | Bought a fizzy inky potion for 22 gold pieces
 20816 | D:10     | Bought a scroll of identify for 64 gold pieces
 20816 | D:10     | Bought a runed wooden ring for 160 gold pieces
 20880 | D:11     | Noticed a cyclops
 20881 | D:11     | Found a staircase to the Orcish Mines.
 20884 | D:11     | Killed a cyclops
 20925 | D:11     | Found a roughly hewn altar of Beogh.
 20991 | D:11     | Noticed Maurice
 21082 | D:11     | Killed Maurice
 21310 | D:11     | Identified the Incunabulum of the Jolly Moons
 21755 | D:12     | Reached skill level 1 in Fighting
 21910 | D:12     | Learned a level 3 spell: Flight
 21961 | D:12     | Found a bloodstained altar of Trog.
 22441 | D:13     | Found a bloodstained altar of Trog.
 22493 | D:13     | Noticed Erolcha
 22500 | D:13     | Killed Erolcha
 22530 | D:13     | Reached skill level 19 in Stealth
 22560 | D:13     | Found Crokhoca's Book Boutique.
 22568 | D:13     | Bought a book of Wizardry for 330 gold pieces
 22568 | D:13     | Bought a book of Party Tricks for 550 gold pieces
 22683 | D:13     | Noticed Harold
 22692 | D:13     | Killed Harold
 22751 | D:13     | Found a gate to the Vaults.
 22945 | D:13     | Found Suazuf's Serpentskin Sales.
 22947 | D:13     | Reached skill level 5 in Spellcasting
 23389 | D:14     | Reached XP level 15. HP: 100/100 MP: 25/27
 23499 | D:14     | Paralysed by a giant eyeball for 4 turns
 23668 | D:14     | Noticed a fire giant
 24012 | D:14     | Noticed Frances
 24017 | D:14     | Killed Frances
 24455 | D:15     | Entered Level 15 of the Dungeon
 24487 | D:15     | Found a staircase to the Depths.
 24647 | D:15     | HP: 4/100 [dire elephant zombie (22)]
 24824 | D:15     | Learned a level 6 spell: Invisibility
 25363 | D:15     | Reached skill level 20 in Stealth
 25663 | Shoals:1 | Entered Level 1 of the Shoals
 25663 | Shoals:1 | Noticed Louise
 25672 | Shoals:1 | Killed Louise
 25672 | Shoals:1 | Reached skill level 1 in Charms
 26807 | Shoals:2 | Reached skill level 5 in Charms
 26878 | Shoals:2 | Noticed Agnes
 26883 | Shoals:2 | Learned a level 2 spell: Blink
 26901 | Shoals:2 | Paralysed by Agnes for 5 turns
 26930 | Shoals:2 | Killed Agnes
 27473 | Shoals:3 | Reached XP level 16. HP: 108/108 MP: 23/30
 27771 | Shoals:3 | Reached skill level 21 in Stealth
 28482 | Shoals:5 | Entered Level 5 of the Shoals
 28482 | Shoals:5 | Noticed Polyphemus
 28496 | Shoals:5 | Killed Polyphemus
 28497 | Shoals:5 | Noticed Ilsuiw
 28511 | Shoals:5 | Killed Ilsuiw
 28528 | Shoals:5 | Noticed Rupert
 28541 | Shoals:5 | Noticed Jorgrun
 28542 | Shoals:5 | Noticed Nikola
 28744 | Shoals:5 | Killed Jorgrun
 28979 | Shoals:5 | Killed Rupert
 28979 | Shoals:5 | Reached skill level 10 in Charms
 29139 | Shoals:5 | Got an uncursed crude glass ring
 29352 | Shoals:5 | Identified the +0 scale mail of the Hart {+Rage rC+} (You took it off a merfolk javelineer on level 5 of the Shoals)
 29990 | Shoals:5 | Reached skill level 22 in Stealth
 29990 | Shoals:5 | Reached XP level 17. HP: 113/113 MP: 10/31
 29997 | Shoals:5 | Got a barnacled rune of Zot
 30570 | Shoals:5 | Killed Nikola
 30737 | Lair:1   | Identified the ring "Tierr" {rN+ Str+2 Dex-3} (You took it off a merfolk on level 5 of the Shoals)
 30834 | Orc:1    | Entered Level 1 of the Orcish Mines
 31578 | Orc:3    | Found a staircase to the Elven Halls.
 31706 | Orc:3    | Reached skill level 5 in Fighting
 32244 | Orc:4    | Entered Level 4 of the Orcish Mines
 32443 | Orc:4    | Found Peett's Magic Scroll Shop.
 32443 | Orc:4    | Found Ozineron's Jewellery Shoppe.
 32488 | Orc:4    | Found Riyproaru's Jewellery Shop.
 32488 | Orc:4    | Found Schaloer's Armour Emporium.
 32847 | Orc:4    | Bought a scroll of identify for 32 gold pieces
 32847 | Orc:4    | Bought a scroll of remove curse for 48 gold pieces
 32847 | Orc:4    | Bought a scroll of identify for 32 gold pieces
 32847 | Orc:4    | Bought a scroll of remove curse for 48 gold pieces
 32847 | Orc:4    | Bought a scroll of remove curse for 48 gold pieces
 32847 | Orc:4    | Bought a scroll of remove curse for 48 gold pieces
 32850 | Orc:4    | Bought the ring "Poggem" {rF+ Dex+2 Int+2} for 646 gold pieces
 33084 | Lair:1   | Learned a level 1 spell: Apportation
 33145 | Snake:1  | Entered Level 1 of the Snake Pit
 33145 | Snake:1  | Found Truij's Magic Scroll Shoppe.
 33480 | Snake:2  | Found a glowing golden altar of the Shining One.
 33591 | Snake:2  | Noticed Kirke
 33600 | Snake:2  | Killed Kirke
 33882 | Snake:2  | Noticed Roxanne
 34432 | Snake:3  | Slain by a greater naga

Action                   |  1- 3 |  4- 6 |  7- 9 | 10-12 | 13-15 | 16-18 || total
-------------------------+-------+-------+-------+-------+-------+-------++-------
Melee: Dagger            |   145 |   159 |   249 |   364 |       |       ||   917
       Cutlass           |       |       |       |   119 |  1043 |   824 ||  1986
 Cast: Corona            |     3 |       |       |     3 |     6 |     5 ||    17
       Ensorcelled Hiber |     5 |    29 |    94 |   179 |   196 |   173 ||   676
       Confuse           |     2 |     4 |     9 |    15 |    15 |    14 ||    59
       Dazzling Spray    |       |       |     9 |     7 |     7 |    20 ||    43
       Sure Blade        |       |       |       |       |    12 |       ||    12
       Enslavement       |       |       |       |       |     6 |    12 ||    18
       Flight            |       |       |       |       |    28 |    36 ||    64
       Invisibility      |       |       |       |       |     5 |    10 ||    15
       Blink             |       |       |       |       |       |     4 ||     4
Invok: Scrying           |       |       |       |       |     1 |       ||     1
 Abil: Evoke Invisibilit |       |       |     1 |    30 |    33 |       ||    64
       End Transformatio |       |       |       |       |     1 |       ||     1
       Bat Form          |       |       |       |       |     1 |       ||     1
Evoke: Wand              |       |       |       |     2 |    14 |     2 ||    18
  Use: Potion            |     2 |     2 |     1 |       |    13 |     7 ||    25
       Scroll            |       |     4 |    10 |    19 |    31 |    10 ||    74
 Stab: Sleeping          |     5 |    30 |    81 |   219 |   338 |   215 ||   888
       Confused          |       |     7 |     5 |     4 |     6 |     3 ||    25
       Distracted        |       |     1 |     2 |       |     3 |     6 ||    12
       Invisible         |       |       |     4 |    27 |    56 |    73 ||   160
       Betrayed ally     |       |       |       |       |     2 |     1 ||     3
